 Dungeon Crawl Stone Soup version 0.27.0-1-g7a089689b8 (webtiles) character file.

Game seed: 5620187637053837026

11165 BOMJPIETVODKU the Thaumaturge (level 11, -7/83 HPs)
             Began as a Gnoll Earth Elementalist on Aug 6, 2021.
             Was a High Priest of Cheibriados.
             Killed from afar by an ice statue (10 damage)
             ... with a freezing blast
             ... on level 10 of the Dungeon.
             The game lasted 00:44:30 (12302 turns).

BOMJPIETVODKU the Thaumaturge (GnEE)               Turns: 12302, Time: 00:44:30

Health: -7/83      AC: 12    Str: 27    XL:     11   Next: 73%
Magic:  15/23      EV: 18    Int: 29    God:    Cheibriados [*****.]
Gold:   698        SH:  5    Dex: 23    Spells: 3/26 levels left

rFire    + . .     SeeInvis +   F - +7 demon blade of the Open Hand {freeze, Will- Str+6 SInv}
rCold    + . .     Faith    .   (no shield)
rNeg     . . .     Spirit   .   v - +2 robe {Will+}
rPois    +         Reflect  +   m - +0 helmet
rElec    +         Harm     .   G - scarf {repulsion}
rCorr    +         Rampage  .   l - +0 pair of gloves
Will     +....                  C - +0 pair of boots
Stlth    ++++......             r - amulet of reflection
HPRegen  0.23/turn              k - +4 ring of protection
MPRegen  0.18/turn              p - ring of wizardry

@: resistant, repel missiles, very slow
A: fangs 1, strong nose, distributed training, claws 1, strong-willed 1, strong
1
a: Renounce Religion, Bend Time, Temporal Distortion, Slouch, Step From Time


You were on level 10 of the Dungeon.
You worshipped Cheibriados.
Cheibriados was extremely pleased with you.
You visited 2 branches of the dungeon, and saw 11 of its levels.
You also visited: Sewer.

You collected 698 gold pieces.

Inventory:

Hand Weapons
 i - a +0 vorpal mace
 D - a +1 whip of electrocution
 F - the +7 demon blade of the Open Hand (weapon) {freeze, Will- Str+6 SInv}
   (You acquired it on level 7 of the Dungeon)

   It freezes those it strikes, dealing additional cold damage.
   It can also slow down cold-blooded creatures.
   Str:       It affects your strength (+6).
   SInv:      It lets you see invisible.
   Will:      It decreases your willpower.
 M - the +9 battleaxe "Fajig" {vorpal, Str+2}
   (You found it on level 7 of the Dungeon)

   It inflicts extra damage upon your enemies.
   Str:       It affects your strength (+2).
Missiles
 c - 434 stones
 w - 32 poisoned darts
Armour
 b - +0 steam dragon scales
 l - a +0 pair of gloves (worn)
 m - a +0 helmet (worn)
 v - a +2 robe of willpower (worn)
 A - a +1 ring mail of cold resistance
 C - a +0 pair of boots (worn)
 G - a scarf of repulsion (worn)
 I - a +0 leather armour of positive energy
Jewellery
 k - a +4 ring of protection (left hand)
 p - a ring of wizardry (right hand)
 r - an amulet of reflection (around neck)
 s - a ring of magical power
 E - a ring of wizardry
 J - an amulet of faith
Wands
 u - a wand of polymorph (12)
 z - a wand of digging (12)
 H - a wand of mindburst (58)
 O - a wand of acid (4)
 U - a wand of paralysis (6)
Scrolls
 e - 2 scrolls of holy word
 g - a scroll of vulnerability
 o - a scroll of blinking
 t - 2 scrolls of noise
 x - 3 scrolls of magic mapping
 y - a scroll of summoning {unknown}
 Q - 2 scrolls of enchant weapon {unknown}
 R - a scroll of silence {unknown}
 S - a scroll of brand weapon {unknown}
 T - a scroll of immolation {unknown}
 W - a scroll of identify
Potions
 a - a potion of degeneration {unknown}
 h - a potion of mutation
 j - 2 potions of curing {unknown}
 n - a potion of magic {unknown}
 q - a potion of cancellation
 B - a potion of ambrosia {unknown}
 K - a potion of lignification {unknown}
 L - a potion of haste {unknown}
 N - a potion of might {unknown}
 P - a potion of brilliance {unknown}
 V - a potion of invisibility {unknown}


   Skills:
 + Level 6.5 Fighting
 + Level 6.5 Short Blades
 + Level 6.5 Long Blades
 + Level 6.5 Axes
 + Level 6.5 Maces & Flails
 + Level 6.5 Polearms
 + Level 6.5 Staves
 + Level 6.5 Slings
 + Level 6.5 Bows
 + Level 6.5 Crossbows
 + Level 6.5 Throwing
 + Level 6.5 Armour
 + Level 8.1 Dodging
 + Level 7.9 Stealth
 + Level 6.5 Shields
 + Level 6.5 Unarmed Combat
 + Level 8.3 Spellcasting
 + Level 5.4 Conjurations
 + Level 5.4 Hexes
 + Level 5.4 Summonings
 + Level 5.4 Necromancy
 + Level 5.4 Translocations
 + Level 5.9 Transmutations
 + Level 5.4 Fire Magic
 + Level 5.4 Ice Magic
 + Level 5.4 Air Magic
 + Level 7.8 Earth Magic
 + Level 5.4 Poison Magic
 + Level 7.2 Invocations
 + Level 6.5 Evocations


You had 3 spell levels left.
You knew the following spells:

 Your Spells              Type           Power      Damage    Failure   Level
a - Sandblast             Erth           100%       2d20      1%          1
b - Passwall              Tmut/Erth      42%        N/A       1%          2
c - Stone Arrow           Conj/Erth      100%       3d13      1%          3
d - Passage of Golubria   Tloc           N/A        N/A       1%          4
e - Petrify               Tmut/Erth      51%        N/A       1%          4
f - Cause Fear            Hex            21%        N/A       1%          4
g - Iskenderun's Battles  Conj           43%        2d9       5%          5

Your spell library contained the following spells:

 Spells                   Type           Power      Damage    Failure   Level
 Beastly Appendage        Tmut           92%        N/A       1%          1
 Wereblood                Tmut           46%        N/A       1%          2
 Conjure Flame            Conj/Fire      43%        6-21      1%          3
 Ignite Poison            Fire/Tmut/Pois 44%        N/A       1%          3
 Inner Flame              Hex/Fire       43%        N/A       1%          3
 Spider Form              Tmut/Pois      22%        N/A       1%          3
 Tukima's Dance           Hex            43%        N/A       1%          3
 Sticky Flame             Conj/Fire      43%        2d6       1%          4
 Yara's Violent Unravell  Hex/Tmut       22%        3d10      4%          5
 Iron Shot                Conj/Erth      25%        9d5       17%         6
 Spellforged Servitor     Conj/Summ      21%        N/A       82%         7
 Discord                  Hex            21%        N/A       100%        8


Dungeon Overview and Level Annotations

Branches:
Dungeon (10/15)            Temple (1/1) D:4           Sewer (visited)
   Lair: D:8-11         Orc: D:9-12

Altars:
Ashenzari
Cheibriados
Dithmenos
Elyvilon
Gozag
Hepliaklqana
Makhleb
Nemelex Xobeh
Okawaru
Qazlal
Ru
Sif Muna
Trog
Uskayaw
Vehumet
Wu Jian
Xom
Yredelemnul
Zin
The Shining One

Portals:
Trove: D:10 (give 6 scrolls of fear)

Annotations:
D:10 exclusion: ice statue


Innate Abilities, Weirdness & Mutations

You have very sharp teeth.
Your uncanny sense of smell can sniff out nearby items.
Your experience applies equally to all skills.
You have sharp fingernails.
You are strong-willed. (Will+)
Your muscles are strong. (Str +2)


Message History

The ice beast is almost dead.
The ice statue gestures.
You slice the ice beast!!
You kill the ice beast!
The ice statue gestures at you. The freezing blast misses you.
Aiming: Stone Arrow (safe; 1% risk of failure)
Press: ? - help, Q - select action, (/) - cycle Shift-Dir - straight line, f - ice statue
Aim: an ice statue (100% to hit)
The stone arrow hits the ice statue!
The ice statue is lightly damaged.
You are engulfed in freezing vapours.
Aiming: Stone Arrow (safe; 1% risk of failure)
Press: ? - help, Q - select action, (/) - cycle Shift-Dir - straight line, f/p - ice statue
Aim: an ice statue (lightly damaged, 100% to hit)
The stone arrow hits the ice beast!!
The ice beast is almost dead.
You are engulfed in freezing vapours.
You are engulfed in freezing vapours.
* * * LOW HITPOINT WARNING * * *
The ice beast closely misses you. The ice beast barely misses you.
You feel protected.
You are engulfed in freezing vapours.
You resist.
* * * LOW HITPOINT WARNING * * *
The ice beast hits you.
* * * LOW HITPOINT WARNING * * *
The ice beast freezes you. You resist.
* * * LOW HITPOINT WARNING * * *
As you read the scroll of teleportation, it crumbles to dust.
You feel strangely unstable. The ice beast barely misses you.
You slash the ice beast!
You kill the ice beast!
The ice statue glitters chillingly in the dim dungeon light.
The ice statue gestures at you. The shard of ice misses you.
Your surroundings seem slightly different.
The ice statue glitters chillingly in the dim dungeon light.
The ice statue gestures at you. The freezing blast engulfs you! You resist.
You die...

.#.......#...####.....#....#...#.
.####'####......#.....###..#...#.
............###.8.###...#..#...#.
#.########### #...# #...#..#...#.
#.#........'# #.?.# #...#..#...#.
#.#........## #...# #####..#...#.
#.#........# #°°.# #......#...#.
#.'........# #§..# #......#...'.
..#############.@.###......#...#.
............##.....##......#..[#.
............##..[..##......#...'.
............##8....##......#...#.
............#########......#...##
............################.....
##########'###...................
.......................#########.
......########.........#.......#.


You could see an ice statue.

Vanquished Creatures
  A boulder beetle (D:9)
  A centaur warrior (D:9)
  Pikel (D:7)
  An orange crystal statue (D:10)
  A deep elf pyromancer (D:9)
  An ugly thing (D:9)
  2 cyclopes (D:9)
  A gargoyle (D:7)
  Joseph (D:7)
  2 kobold demonologists
  A freezing wraith (D:9)
  A troll (D:10)
  A hornet (D:8)
  7 yaks (D:10)
  2 steam dragons
  Duvessa (D:6)
  2 water moccasins (D:6)
  Purgy (Sewer)
  3 black bears
  2 orc warriors (D:9)
  An ice beast (D:6)
  A sky beast (D:5)
  4 ogres
  2 necrophages
  3 centaurs
  2 kobold brigands
  Blork the orc (D:4)
  Dowan (D:6)
  3 bullfrogs
  2 scorpions (D:6)
  A wyvern skeleton (D:7)
  7 killer bees
  5 wights (D:10)
  7 howler monkeys
  A hound (D:5)
  A centaur skeleton (D:6)
  6 centaur zombies
  2 jellies
  2 orc priests (D:9)
  An iguana (D:6)
  7 orc wizards
  A killer bee zombie (D:5)
  A hound skeleton (D:4)
  4 gnolls (D:4)
  6 adders
  2 river rats (D:5)
  A shadow imp (D:8)
  A white imp (D:6)
  2 ufetubi
  2 worms
  3 dart slugs
  19 orcs
  3 ball pythons
  6 endoplasms
  2 giant cockroaches (D:1)
  7 goblins
  10 hobgoblins
  8 jackals (D:1)
  13 kobolds
  3 quokkas
  11 bats
  3 frilled lizards
  5 rats
206 creatures vanquished.

Vanquished Creatures (others)
  3 fungi (D:5)
3 creatures vanquished.

Grand Total: 209 creatures vanquished

Notes
Turn   | Place    | Note
-------+----------+-------------------------------------------
     0 | D:1      | BOMJPIETVODKU the Gnoll Earth Elementalist began the quest
                  | for the Orb.
     0 | D:1      | Reached XP level 1. HP: 13/13 MP: 6/6
   251 | D:1      | Found a faded altar of an unknown god.
   292 | D:1      | Reached XP level 2. HP: 14/19 MP: 5/7
   674 | D:1      | Reached XP level 3. HP: 23/25 MP: 9/9
   741 | D:1      | Reached skill level 5 in Spellcasting
   976 | D:2      | Reached skill level 1 in Invocations
  1230 | D:2      | Reached skill level 1 in Fighting
  1230 | D:2      | Reached skill level 1 in Short Blades
  1230 | D:2      | Reached skill level 1 in Long Blades
  1230 | D:2      | Reached skill level 1 in Axes
  1230 | D:2      | Reached skill level 1 in Maces & Flails
  1230 | D:2      | Reached skill level 1 in Polearms
  1230 | D:2      | Reached skill level 1 in Staves
  1230 | D:2      | Reached skill level 1 in Slings
  1230 | D:2      | Reached skill level 1 in Bows
  1230 | D:2      | Reached skill level 1 in Crossbows
  1230 | D:2      | Reached skill level 1 in Throwing
  1230 | D:2      | Reached skill level 1 in Armour
  1230 | D:2      | Reached skill level 1 in Shields
  1230 | D:2      | Reached skill level 1 in Unarmed Combat
  1230 | D:2      | Reached skill level 1 in Evocations
  1747 | D:3      | Reached XP level 4. HP: 32/32 MP: 11/11
  1776 | D:3      | Learned a level 2 spell: Passwall
  1780 | D:3      | Learned a level 3 spell: Stone Arrow
  1789 | D:3      | Learned a level 3 spell: Spider Form
  1910 | D:3      | Found an ornate altar of the Wu Jian Council.
  1910 | D:3      | Found an opulent altar of Gozag.
  2341 | D:4      | Reached skill level 1 in Conjurations
  2341 | D:4      | Reached skill level 1 in Hexes
  2341 | D:4      | Reached skill level 1 in Summonings
  2341 | D:4      | Reached skill level 1 in Necromancy
  2341 | D:4      | Reached skill level 1 in Translocations
  2341 | D:4      | Reached skill level 1 in Fire Magic
  2341 | D:4      | Reached skill level 1 in Ice Magic
  2341 | D:4      | Reached skill level 1 in Air Magic
  2341 | D:4      | Reached skill level 1 in Poison Magic
  2355 | D:4      | Reached XP level 5. HP: 22/37 MP: 8/12
  2599 | D:4      | Found a staircase to the Ecumenical Temple.
  2606 | Temple   | Entered the Ecumenical Temple
  2682 | Temple   | Gained mutation: You have sharp fingernails. [potion of
                  | mutation]
  2682 | Temple   | Gained mutation: You are strong-willed. (Will+) [potion of
                  | mutation]
  2682 | Temple   | Gained mutation: Your muscles are strong. (Str +2) [potion
                  | of mutation]
  2684 | Temple   | Became a worshipper of Cheibriados the Contemplative
  2785 | D:4      | Noticed an ogre
  2825 | D:4      | Killed an ogre
  2826 | D:4      | Reached XP level 6. HP: 26/44 MP: 3/14
  3150 | D:4      | Found a stormy altar of Qazlal.
  3150 | D:4      | Noticed Blork the orc
  3162 | D:4      | Killed Blork the orc
  3163 | D:4      | Reached skill level 5 in Dodging
  3511 | D:5      | Entered Level 5 of the Dungeon
  3528 | D:5      | Noticed a steam dragon
  3529 | D:5      | Noticed a steam dragon
  3551 | D:4      | Killed a steam dragon
  3552 | D:4      | Reached XP level 7. HP: 37/50 MP: 13/15
  3641 | D:5      | Killed a steam dragon
  3653 | D:5      | Reached skill level 5 in Stealth
  3757 | D:5      | Reached * piety under Cheibriados
  3788 | D:5      | Found a glowing drain.
  3796 | Sewer    | Entered a sewer
  3853 | Sewer    | Noticed Purgy
  3871 | Sewer    | Killed Purgy
  3872 | Sewer    | Reached XP level 8. HP: 53/57 MP: 9/16
  4858 | D:6      | Noticed Duvessa
  4860 | D:6      | Noticed Dowan
  4872 | D:6      | Killed Duvessa
  4876 | D:6      | Killed Dowan
  4876 | D:6      | Reached ** piety under Cheibriados
  5011 | D:6      | Learned a level 4 spell: Petrify
  5387 | D:6      | Reached XP level 9. HP: 62/65 MP: 4/18
  6473 | D:7      | Noticed Joseph
  6480 | D:7      | Killed Joseph
  6725 | D:7      | Noticed Pikel
  6738 | D:7      | Killed Pikel
  6739 | D:7      | Reached skill level 5 in Invocations
  6929 | D:7      | Found a bloodstained altar of Trog.
  7019 | D:7      | Identified a scroll of acquirement
  7022 | D:7      | Acquired the +7 demon blade of the Open Hand {freeze, Will-
                  | Str+6 SInv}
  7071 | D:7      | Noticed a gargoyle
  7078 | D:7      | Killed a gargoyle
  7079 | D:7      | Reached XP level 10. HP: 73/73 MP: 4/20
  7236 | D:7      | Found an iron altar of Okawaru.
  7381 | D:7      | Identified the +9 battleaxe "Fajig" {vorpal, Str+2}
  7493 | D:8      | Reached skill level 5 in Fighting
  7493 | D:8      | Reached skill level 5 in Short Blades
  7493 | D:8      | Reached skill level 5 in Long Blades
  7493 | D:8      | Reached skill level 5 in Axes
  7493 | D:8      | Reached skill level 5 in Maces & Flails
  7493 | D:8      | Reached skill level 5 in Polearms
  7493 | D:8      | Reached skill level 5 in Staves
  7493 | D:8      | Reached skill level 5 in Slings
  7493 | D:8      | Reached skill level 5 in Bows
  7493 | D:8      | Reached skill level 5 in Crossbows
  7493 | D:8      | Reached skill level 5 in Throwing
  7493 | D:8      | Reached skill level 5 in Armour
  7493 | D:8      | Reached skill level 5 in Shields
  7493 | D:8      | Reached skill level 5 in Unarmed Combat
  7493 | D:8      | Reached skill level 5 in Evocations
  7496 | D:8      | Reached *** piety under Cheibriados
  7597 | D:8      | You fall into a shaft and drop 1 floor!
  7800 | D:9      | Noticed a centaur warrior
  7800 | D:9      | Noticed a brown ugly thing
  7802 | D:9      | Noticed a boulder beetle
  7802 | D:9      | Noticed a kobold demonologist
  7812 | D:9      | Noticed a cyclops
  8981 | D:9      | Noticed a cyclops
  8999 | D:9      | Killed a cyclops
  9000 | D:9      | Reached skill level 5 in Transmutations
  9080 | D:9      | Killed a boulder beetle
  9089 | D:9      | Killed a brown ugly thing
  9145 | D:9      | Killed a kobold demonologist
  9259 | D:9      | Learned a level 4 spell: Passage of Golubria
  9264 | D:9      | Learned a level 4 spell: Cause Fear
  9284 | D:9      | Reached XP level 11. HP: 67/81 MP: 15/22
  9296 | D:9      | Killed a centaur warrior
  9595 | D:9      | Reached skill level 5 in Conjurations
  9595 | D:9      | Reached skill level 5 in Hexes
  9595 | D:9      | Reached skill level 5 in Summonings
  9595 | D:9      | Reached skill level 5 in Necromancy
  9595 | D:9      | Reached skill level 5 in Translocations
  9595 | D:9      | Reached skill level 5 in Fire Magic
  9595 | D:9      | Reached skill level 5 in Ice Magic
  9595 | D:9      | Reached skill level 5 in Air Magic
  9595 | D:9      | Reached skill level 5 in Poison Magic
  9852 | D:9      | Learned a level 5 spell: Iskenderun's Battlesphere
  9938 | D:9      | Found a glowing golden altar of the Shining One.
 10176 | D:9      | Noticed a deep elf pyromancer
 10178 | D:9      | Killed a cyclops
 10181 | D:9      | Reached **** piety under Cheibriados
 10190 | D:9      | Killed a deep elf pyromancer
 10521 | D:10     | Entered Level 10 of the Dungeon
 10568 | D:10     | Found a portal to a secret trove of treasure.
 11443 | D:10     | Reached ***** piety under Cheibriados
 11598 | D:10     | Identified the +1 ring mail "Serusk" {Stlth+}
 11837 | D:10     | Noticed an orange crystal statue
 12025 | D:10     | Killed an orange crystal statue
 12299 | D:10     | HP: 2/83 [ice beast[an ice statue] (3)]
 12302 | D:10     | Killed from afar by an ice statue

Illustrated notes

Levels and vault maps discovered:
D:1:      nzn_arrival_settlement, layout_rooms,
          shapermc_ecumenical_altar_mp_highgroup
D:2:      layout_basic, grunt_ministairs_15
D:3:      layout_loops_ring, gammafunk_temple_overflow_elements
D:4:      layout_loops_ring, mainiacjoe_overflow_paths, temple_green,
          uniq_blork_the_orc
D:5:      kennysheep_steamy, layout_rooms, lightli_sewer_entry_pipes
D:6:      layout_loops_cross, uniq_duvessa
D:7:      layout_gridville, okawaru_metal_pillars_1_2,
          mainiacjoe_overflow_small_starburst, minmay_stone_trees_small,
          minivault_1, uniq_pikel, uniq_joseph
D:8:      layout_basic, kennysheep_pointless_box
D:9:      minmay_the_grid_four_pointed_star_mashed
          [minmay_the_grid_triangle_9x9_swiss_cheese,
          minmay_the_grid_triangle_9x9_shrine,
          minmay_the_grid_triangle_9x9_from_above,
          minmay_the_grid_triangle_9x9_intruding_spiral,
          minmay_the_grid_prize_big_room], layout_long_grid, tso_altar
D:10:     layout_irregular_city, nicolae_trove_entry_isolated,
          chequers_serial_rivers_micro_b, david_greed
Temple:   eino_temple_scatter_basement

Skill      XL: |  1  2  3  4  5  6  7  8  9 10 11 |
---------------+----------------------------------+-----
Transmutations | 2 3 4 5 |  5.9
Spellcasting   | 5 6 7 8 |  8.3
Invocations    | 1 2 3 4 5 6 7 |  7.2
Fighting       | 1 2 3 4 5 6 |  6.5
Short Blades   | 1 2 3 4 5 6 |  6.5
Long Blades    | 1 2 3 4 5 6 |  6.5
Axes           | 1 2 3 4 5 6 |  6.5
Maces & Flails | 1 2 3 4 5 6 |  6.5
Polearms       | 1 2 3 4 5 6 |  6.5
Staves         | 1 2 3 4 5 6 |  6.5
Slings         | 1 2 3 4 5 6 |  6.5
Bows           | 1 2 3 4 5 6 |  6.5
Crossbows      | 1 2 3 4 5 6 |  6.5
Throwing       | 1 2 3 4 5 6 |  6.5
Armour         | 1 2 3 4 5 6 |  6.5
Shields        | 1 2 3 4 5 6 |  6.5
Unarmed Combat | 1 2 3 4 5 6 |  6.5
Evocations     | 1 2 3 4 5 6 |  6.5
Conjurations   | 1 2 3 4 5 |  5.4
Hexes          | 1 2 3 4 5 |  5.4
Summonings     | 1 2 3 4 5 |  5.4
Necromancy     | 1 2 3 4 5 |  5.4
Translocations | 1 2 3 4 5 |  5.4
Fire Magic     | 1 2 3 4 5 |  5.4
Ice Magic      | 1 2 3 4 5 |  5.4
Air Magic      | 1 2 3 4 5 |  5.4
Poison Magic   | 1 2 3 4 5 |  5.4
Dodging        | 5 6 7 8 |  8.1
Stealth        | 5 6 7 |  7.9
Earth Magic    | 6 7 |  7.8

Action                   |  1- 3 |  4- 6 |  7- 9 | 10-12 || total
-------------------------+-------+-------+-------+-------++-------
Melee: Mace              |    81 |    41 |   111 |       ||   233
       Bite              |     4 |     1 |    12 |    29 ||    46
       Unarmed           |       |    61 |    94 |       ||   155
       Demon blade       |       |       |       |   130 ||   130
       Punch             |       |       |       |     1 ||     1
 Cast: Sandblast         |    25 |    11 |    21 |     3 ||    60
       Spider Form       |       |     9 |    11 |       ||    20
       Stone Arrow       |       |     3 |    54 |    59 ||   116
       Passwall          |       |       |     2 |     1 ||     3
       Petrify           |       |       |     3 |     1 ||     4
       Iskenderun's Batt |       |       |       |     9 ||     9
       Cause Fear        |       |       |       |     2 ||     2
Invok: Bend Time         |       |       |       |     1 ||     1
Evoke: Wand              |       |       |     2 |       ||     2
  Use: Scroll            |     1 |     1 |     6 |     6 ||    14
       Potion            |       |     1 |       |     3 ||     4
 Stab: Sleeping          |    10 |     5 |     2 |     3 ||    20
       Petrified         |       |       |     6 |     5 ||    11
Armor: Robe              |    21 |    21 |    64 |    59 ||   165
       Skin              |       |     9 |     8 |       ||    17
Dodge: Dodged            |    79 |    92 |   228 |   166 ||   565
       Repelled          |       |       |     1 |     1 ||     2
Block: Other             |       |    16 |    61 |    50 ||   127
       Reflection        |       |       |     1 |     6 ||     7
       Rpst.: Demon blade |       |       |       |    31 ||    31
